 Dungeon Crawl Stone Soup version 0.22.1-1-ga44c0e5 (webtiles) character file.

232 Loudmushroom the Skirmisher (level 6, -6/39 HPs)
             Began as a Gargoyle Fighter on Sept 21, 2018.
             Mangled by an ogre
             ... wielding a +0 giant club
              (12 damage)
             ... on level 3 of the Dungeon.
             The game lasted 00:11:00 (2947 turns).

Loudmushroom the Skirmisher (Gargoyle Fighter)      Turns: 2947, Time: 00:11:00

Health: -6/39      AC: 11    Str: 21    XL:     6   Next: 4%
Magic:  6/6        EV:  7    Int:  9    God:
Gold:   77         SH:  9    Dex:  9    Spells: 5/5 levels left

rFire    . . .     SeeInvis .   a - +0 war axe
rCold    . . .     Gourm    .   c - +0 shield
rNeg     + . .     Faith    .   s - +0 scale mail
rPois    ∞         Spirit   .   (no helmet)
rElec    +         Reflect  .   (no cloak)
rCorr    .         Harm     .   (no gloves)
MR       .....                  (no boots)
Stlth    ..........             (no amulet)
HPRegen  0.13/turn              (no ring)
MPRegen  0.10/turn              (no ring)

@: no status effects
A: negative energy resistance 1, electricity resistance, unbreathing,
petrification resistance, rot immunity, AC +4
a: no special abilities


You were on level 3 of the Dungeon.
You were not hungry.

You visited 1 branch of the dungeon, and saw 3 of its levels.

You collected 77 gold pieces.

Inventory:

Hand Weapons
 a - a +0 war axe (weapon)
 b - a +0 hunting sling
 j - a +0 mace
 x - a +0 spear
Missiles
 e - 185 stones
 p - 67 sling bullets
 t - 2 tomahawks (quivered)
Armour
 c - a +0 shield (worn)
 s - a +0 scale mail (worn)
 G - a cursed +0 scale mail
Jewellery
 w - a +4 ring of evasion {unknown}
 B - an uncursed ring of wizardry {unknown}
Wands
 A - a wand of digging (12)
Scrolls
 l - 3 scrolls of remove curse {unknown}
 o - 2 scrolls of amnesia {unknown}
 q - 2 scrolls of teleportation {unknown}
 u - 3 scrolls of identify {unknown}
 y - 2 scrolls of fog {unknown}
 D - a scroll of enchant weapon {unknown}
 E - a scroll of enchant armour {unknown}
 F - a scroll of fear {unknown}
 H - a scroll of magic mapping {unknown}
Potions
 d - a potion of might
 g - a potion of degeneration {unknown}
 h - 2 potions of invisibility {unknown}
 i - a potion of resistance {unknown}
 k - a potion of agility {unknown}
 m - a potion of lignification {unknown}
 n - 5 potions of heal wounds {unknown}
 v - 2 potions of flight {unknown}
 z - a potion of curing {unknown}
 C - a potion of mutation {unknown}
Comestibles
 f - 5 rations
 r - 5 chunks of flesh


   Skills:
 + Level 4.3 Fighting
 * Level 3.7 Axes
 + Level 4.3 Armour
 + Level 4.3 Shields


You had 5 spell levels left.
You didn't know any spells.
Your spell library was empty.

Dungeon Overview and Level Annotations

Branches:
Dungeon (3/15)

Altars:
Nemelex Xobeh
Ru


Innate Abilities, Weirdness & Mutations

You are resistant to torment.
Your stone body is resilient. (AC +4)
You are immune to poison.
You resist negative energy. (rN+)
You are resistant to electric shocks. (rElec)
You can survive without breathing.
You are immune to petrification.
You are immune to rotting.


Message History

You hit the ogre.
The ogre is lightly wounded.
The ogre hits you with a giant club!
You barely miss the ogre.
The ogre is lightly wounded.
The ogre hits you with a giant club.
Your shield and scale mail prevent you from hitting the ogre.
The ogre is lightly wounded.
The ogre hits you but does no damage.
Your shield and scale mail prevent you from hitting the ogre.
The ogre is lightly wounded.
The ogre hits you with a giant club!
* * * LOW HITPOINT WARNING * * *
You barely miss the ogre.
The ogre is lightly wounded.
The ogre barely misses you.
You hit the ogre.
The ogre is moderately wounded.
The ogre hits you with a giant club!
You die...

...####........######
...#................#
...#.###.......#.#.##
...........#.###.#.#
...#.#...........#.#
.....#.#.#.#..#..#.#
.....#.#.#.#........
.....#.#.#.##.#.####
.....#.#.#......@..#
.....#........#..O.#
.....###.#########(#
..........)......#...
....####.#######.#
### ............#
.#.##..#.##.#
.......#.##.#
#..###.#.##.####


You could see an ogre.

Vanquished Creatures
  Natasha (thrice) (D:2)
  4 gnolls (D:3)
  4 adders
  An ooze (D:1)
  3 worms
  4 dart slugs
  2 orcs
  7 bats
  A giant cockroach (D:1)
  7 goblins
  8 hobgoblins
  4 quokkas
  3 ball pythons
  3 frilled lizards
  6 kobolds
  7 rats
67 creatures vanquished.

Notes
Turn   | Place    | Note
-------+----------+-------------------------------------------
     0 | D:1      | Loudmushroom the Gargoyle Fighter began the quest for the
                  | Orb.
     0 | D:1      | Reached XP level 1. HP: 14/14 MP: 1/1
    45 | D:1      | Reached XP level 2. HP: 17/19 MP: 2/2
   480 | D:1      | Reached XP level 3. HP: 23/23 MP: 3/3
  1122 | D:2      | Found a sparkling altar of Nemelex Xobeh.
  1313 | D:2      | Reached XP level 4. HP: 28/29 MP: 4/4
  1843 | D:2      | Noticed Natasha
  1871 | D:2      | Killed Natasha
  1904 | D:2      | Noticed Natasha
  1911 | D:2      | Killed Natasha
  1911 | D:2      | Reached XP level 5. HP: 24/33 MP: 5/5
  1928 | D:2      | Noticed Natasha
  1936 | D:2      | Killed Natasha
  2460 | D:3      | Found a sacrificial altar of Ru.
  2588 | D:3      | Reached XP level 6. HP: 37/39 MP: 6/6
  2947 | D:3      | Mangled by an ogre

Skill      XL: |  1  2  3  4 |
---------------+-------------+-----
Axes           | 2 3 |  3.7
Fighting       | 4 |  4.3
Armour         | 4 |  4.3
Shields        | 4 |  4.3

Action                   |  1- 3 |  4- 6 || total
-------------------------+-------+-------++-------
Melee: War axe           |   110 |   122 ||   232
Throw: Tomahawk          |       |     1 ||     1
  Eat: Chunk             |     1 |     6 ||     7
Armor: Scale mail        |    61 |    57 ||   118
Dodge: Dodged            |    38 |    24 ||    62
Block: Shield            |    70 |    58 ||   128
